 Dungeon Sprint DCSS version 0.21-a0-201-g8501b10 (webtiles) character file.

31 Kidiri the Magician (level 3, -2/20 HPs)
             Began as a Deep Elf Fire Elementalist on Aug 18, 2017.
             Slain by a human (3 damage)
             ... in the Dungeon (Sprint III: "The Ten Rune Challenge").
             The game lasted 00:01:20 (130 turns).

Kidiri the Magician (Deep Elf Fire Elementalist)     Turns: 130, Time: 00:01:21

Health: -2/20      AC:  2    Str:  5    XL:     3   Next: 7%
Magic:  9/11       EV: 14    Int: 20    God:
Gold:   0          SH:  0    Dex: 15    Spells: 3/12 levels left

rFire    . . .     SeeInvis .   (no weapon)
rCold    . . .     Gourm    .   (no shield)
rNeg     . . .     Faith    .   a - +0 robe
rPois    .         Spirit   .   (no helmet)
rElec    .         Reflect  .   (no cloak)
rCorr    .         Harm     .   (no gloves)
MR       .....     NoTele   +   (no boots)
Stlth    ++........             (no amulet)
HPRegen  0.06/turn              (no ring)
MPRegen  0.12/turn              (no ring)

@: no status effects
A: no striking features
a: no special abilities


You were in the Dungeon.
You were not hungry.

You visited 1 branch

Inventory:

Armour
 a - a +0 robe (worn)
Wands
 j - a wand of digging (12/24)
Scrolls
 i - a scroll of blinking
 k - a scroll of identify {unknown}
Potions
 d - a potion of curing
 e - a potion of heal wounds
 f - a potion of haste
 g - a potion of magic
 h - a potion of berserk rage
Books
 b - a book of Flames

   Spells                             Type                      Level
   a - Flame Tongue                   Conjuration/Fire             1
   b - Throw Flame                    Conjuration/Fire             2
   c - Conjure Flame                  Conjuration/Fire             3
   d - Inner Flame                    Hexes/Fire                   3
   e - Sticky Flame                   Conjuration/Fire             4
   f - Fireball                       Conjuration/Fire             5
Comestibles
 c - a bread ration


   Skills:
 + Level 1.4 Fighting
 + Level 1.7 Armour
 + Level 3.6 Dodging
 - Level 2.4 Stealth
 * Level 5.1 Spellcasting
 + Level 2.6 Conjurations
 + Level 4.1 Fire Magic


You had 3 spell levels left.
You knew the following spells:

 Your Spells              Type           Power        Failure   Level  Hunger
a - Flame Tongue          Conj/Fire      ###..        2%          1    None
b - Throw Flame           Conj/Fire      ###...       4%          2    None
c - Conjure Flame         Conj/Fire      ###.....     9%          3    ##.....
d - Inner Flame           Hex/Fire       ##......     14%         3    ##.....


Dungeon Overview and Level Annotations

Branches:
Dungeon (1/1)

Altars:


Message History

Aiming: Flame Tongue
Press: ? - help, Shift-Dir - straight line, f/p - human
Aim: a human (severely wounded)
The flame tongue misses the human.
The human hits you.
Casting: Flame Tongue
Confirm with . or Enter, or press ? or * to list all spells.
Aiming: Flame Tongue
Press: ? - help, Shift-Dir - straight line, f/p - human
Aim: a human (severely wounded)
The flame tongue misses the human.
The human hits you!
* * * LOW HITPOINT WARNING * * *
Casting: Flame Tongue
Confirm with . or Enter, or press ? or * to list all spells.
Aiming: Flame Tongue
Press: ? - help, Shift-Dir - straight line, f/p - human
Aim: a human (severely wounded)
The flame tongue hits the human.
The human is almost dead.
The human hits you.
You die...

▓▓▓▓ ▓<.# ▓..#
▓#@#### ▓.p...#
▓.....#...≈≈..
▓....(#..≈≈≈≈♣♣♣
▓####'#..≈≈≈≈≈≈.
▓.....#.≈≈≈≈≈≈..
▓....[#.≈≈≈≈≈...
▓.....#.≈≈≈.....
▓'#####.........


You could see a human.

Vanquished Creatures
  Jessica (D)
  An ooze (D)
  2 rats (D)
4 creatures vanquished.

Vanquished Creatures (others)
  4 hellions (D)
  A yaktaur (D)
5 creatures vanquished.

Grand Total: 9 creatures vanquished

Notes
Turn   | Place    | Note
-------+----------+-------------------------------------------
     0 | D        | Kidiri the Deep Elf Fire Elementalist began the quest for the Orb.
     0 | D        | Reached XP level 1. HP: 10/10 MP: 6/6
    14 | D        | Reached skill level 1 in Armour
    48 | D        | Noticed Jessica
    51 | D        | Killed Jessica
    51 | D        | Reached skill level 1 in Fighting
    51 | D        | Reached skill level 5 in Spellcasting
    51 | D        | Reached XP level 2. HP: 16/16 MP: 5/10
    51 | D        | Reached XP level 3. HP: 20/20 MP: 5/11
    55 | D        | Learned a level 2 spell: Throw Flame
    59 | D        | Learned a level 3 spell: Conjure Flame
    63 | D        | Learned a level 3 spell: Inner Flame
   102 | D        | Killed a hellion
   105 | D        | Killed a hellion
   106 | D        | Killed a hellion
   115 | D        | Killed a yaktaur
   116 | D        | Killed a hellion
   129 | D        | HP: 1/20 [human (7)]
   130 | D        | Slain by a human

Vault maps used:
D:        dungeon_sprint_mu

Skill      XL: |  1 |
---------------+----+-----
Armour         | 1 |  1.7
Fighting       | 1 |  1.4
Dodging        | 3 |  3.6
Spellcasting   | 5 |  5.1
Conjurations   | 2 |  2.6
Fire Magic     | 4 |  4.1
Stealth        | |  2.4

Action                   || total
-------------------------++-------
 Cast: Flame Tongue      ||    15
       Throw Flame       ||     3
  Use: Potion            ||     1
Armor: Robe              ||     2
Dodge: Dodged            ||     2
